[Event "Titled Tuesday Blitz March 08 Early 2022"]
[White "Manelyuk, Daniil"]
[Black "Sychev, Klementy"]
[WhiteFideId "44173920"]
[BlackFideId "4114060"]
[WhiteElo "2222"]
[BlackElo "2564"]
[Result "1-0"]
[Round "03"]
[TimeControl "180+1"]
[Date "2022.03.09"]
[WhiteClock "0:00:04"]
[BlackClock "0:00:02"]

1. e4 c6 2. d4 d5 3. Nc3 dxe4 4. Nxe4 Bf5 5. Ng3 Bg6 6. h4 h6 7. Nf3 Nd7 8. h5 Bh7 9. Bd3 Bxd3 10. Qxd3 e6 11. Bf4 Qa5+ 12. Bd2 Bb4 13. c3 Be7 14. c4 Qc7 15. O-O-O Ngf6 16. Ne4 O-O 17. Kb1 Rad8 18. g4 Nxg4 19. Qe2 Rfe8 20. Rhg1 f5 21. Ne5 Ndxe5 22. Bf4 Qa5 23. dxe5 Rxd1+ 24. Rxd1 Nxe5 25. Nd6 Bxd6 26. Rxd6 Nf7 27. Rxe6 Rf8 28. Bd2 Qd8 29. Bc3 Qg5 30. Rg6 Kh7 31. Rxg5 Nxg5 32. Qe7 Rf7 33. Qe8 f4 34. f3 b5 35. Bd2 bxc4 36. Kc2 Rf6 37. Qe7 Kh8 38. Bc3 Rf7 39. Qd8+ Kh7 40. Qd6 Nxf3 41. Qg6+ Kg8 42. Qxc6 Ng5 43. Qe8+ Kh7 44. Be1 f3 45. Bf2 Rf6 46. Kc3 Nh3 47. Qe4+ Kg8 48. Bh4 Rf7 49. Qe8+ Rf8 50. Qe6+ Rf7 51. Qxh3 f2 52. Bxf2 Rxf2 53. Qe6+ Kh7 54. Qxc4 1-0


[Site "https://www.chess.com"]

[Event "Titled Tuesday Blitz March 08 Early 2022"]
[White "Mangialardo, Tiago Carvalho"]
[Black "Fathy, Elameir"]
[WhiteFideId "2130718"]
[BlackFideId "10600396"]
[WhiteElo "2099"]
[BlackElo "2311"]
[Result "0-1"]
[Round "03"]
[TimeControl "180+1"]
[Date "2022.03.09"]
[WhiteClock "0:00:43"]
[BlackClock "0:01:12"]

1. e4 c6 2. c4 d5 3. exd5 cxd5 4. cxd5 Nf6 5. Bb5+ Nbd7 6. Nc3 g6 7. Nf3 Bg7 8. d6 exd6 9. Qe2+ Qe7 10. Qxe7+ Kxe7 11. d4 a6 12. Bd3 Nb6 13. O-O Bg4 14. Re1+ Kd7 15. Ng5 Rhe8 16. Bf4 Nfd5 17. Bg3 Bxd4 18. Nxd5 Nxd5 19. Nxf7 Bxb2 20. Rxe8 Rxe8 21. Rb1 Nc3 22. Rxb2 Re1+ 23. Bf1 Ne2+ 24. Rxe2 Bxe2 25. h4 Rxf1+ 26. Kh2 Rd1 27. Bf4 Bc4 28. a3 Bxf7 0-1


[Site "https://www.chess.com"]

[Event "Titled Tuesday Blitz March 08 Early 2022"]
[White "Marson, Juan Miguel"]
[Black "Chernov, Alexander A."]
[WhiteFideId "106585"]
[BlackFideId "4152492"]
[WhiteElo "2053"]
[BlackElo "1956"]
[Result "1-0"]
[Round "03"]
[TimeControl "180+1"]
[Date "2022.03.09"]
[WhiteClock "0:00:04"]
[BlackClock "0:00:01"]

1. e4 e5 2. Nf3 Nc6 3. Bb5 Bc5 4. Nc3 Nd4 5. Bc4 d6 6. h3 Nf6 7. d3 h6 8. a3 c6 9. b4 Bb6 10. Na4 Nxf3+ 11. Qxf3 Bc7 12. Bb3 Be6 13. c4 O-O 14. g4 b5 15. Nc3 bxc4 16. dxc4 Nd7 17. h4 Nb6 18. g5 h5 19. Qxh5 Bxc4 20. Bc2 g6 21. Qf3 Kg7 22. h5 gxh5 23. Rxh5 Rh8 24. Rh6 Rxh6 25. gxh6+ Kh8 26. Qg3 Qg8 27. Bg5 Qg6 28. f4 Rg8 29. O-O-O exf4 30. Qxf4 Qxg5 31. Qxg5 Rxg5 32. e5 dxe5 33. a4 Bd5 34. a5 Nc4 35. Nxd5 cxd5 36. Rxd5 Rg1+ 37. Bd1 e4 38. Rd7 Bf4+ 39. Kc2 Rg2+ 40. Kb3 Nd2+ 41. Ka4 Kh7 42. Bc2 Kxh6 43. Rxf7 Rf2 44. Rxa7 e3 45. Be4 e2 46. Ra6+ Kg5 47. Rg6+ Kh4 48. Bd3 e1=Q 49. a6 Qd1+ 50. Kb5 Qb3 51. Rh6+ 1-0


[Site "https://www.chess.com"]

[Event "Titled Tuesday Blitz March 08 Early 2022"]
[White "Martin Duque, Jesus"]
[Black "Costachi, Mihnea"]
[WhiteFideId "2208954"]
[BlackFideId "1217518"]
[WhiteElo "2243"]
[BlackElo "2464"]
[Result "0-1"]
[Round "03"]
[TimeControl "180+1"]
[Date "2022.03.08"]
[WhiteClock "0:00:05"]
[BlackClock "0:00:19"]

1. Nf3 d5 2. b3 Nc6 3. Bb2 Nf6 4. e3 Bg4 5. h3 Bh5 6. d3 Qd6 7. Nbd2 e5 8. g4 Bg6 9. Nh4 O-O-O 10. Bg2 Be7 11. Qe2 Nd7 12. Nxg6 hxg6 13. c4 d4 14. Ne4 Qe6 15. O-O-O f5 16. Ng3 dxe3 17. fxe3 Nc5 18. Bd5 Rxd5 19. cxd5 Qxd5 20. gxf5 Nb4 21. Kb1 Bh4 22. e4 Qd6 23. Qg4 Bxg3 24. fxg6+ Kb8 25. Qxg3 Qa6 26. a3 Nbxd3 27. Qe3 b6 28. h4 Qb5 29. Rh3 Rd8 30. b4 a5 31. Rd2 axb4 32. a4 Qxa4 33. Qe2 Qb3 34. h5 Kb7 35. h6 gxh6 36. g7 Qc4 37. Rhxd3 Nxd3 38. Rxd3 Rxd3 39. g8=Q Qxg8 40. Qxd3 Qe6 41. Qg3 Qd6 42. Qxe5 Qd3+ 43. Ka1 Qd1+ 44. Ka2 Qa4+ 45. Kb1 b3 46. Qd5+ Ka7 47. Kc1 Qb4 48. Qd2 Qxe4 49. Bc3 h5 50. Kb2 Qa4 51. Qd4 Qa2+ 52. Kc1 Qc2# 0-1


[Site "https://www.chess.com"]

[Event "Titled Tuesday Blitz March 08 Early 2022"]
[White "Martinez Alcantara, Jose Eduardo"]
[Black "Murzin, Volodar"]
[WhiteFideId "3805662"]
[BlackFideId "44155573"]
[WhiteElo "2690"]
[BlackElo "2585"]
[Result "1-0"]
[Round "03"]
[TimeControl "180+1"]
[Date "2022.03.08"]
[WhiteClock "0:00:17"]
[BlackClock "0:00:01"]

1. e4 c6 2. d4 d5 3. e5 Bf5 4. h4 h5 5. Bd3 Bxd3 6. Qxd3 Qa5+ 7. b4 Qa6 8. e6 Qxd3 9. cxd3 fxe6 10. Nd2 Nd7 11. Ndf3 g6 12. Nh3 Bg7 13. Nf4 Nf8 14. Rb1 a6 15. a4 Nh6 16. O-O Nf5 17. Ne2 Bf6 18. g3 Nd7 19. Bf4 Kf7 20. Rfe1 Rhc8 21. Kh2 Kg8 22. Kg2 Nb6 23. a5 Nd7 24. Ng5 Nxd4 25. Nxd4 Bxd4 26. Nxe6 Bf6 27. Nc7 Ra7 28. Ne6 Kf7 29. Re2 Raa8 30. Nc7 Ra7 31. Ne6 Raa8 32. Rbe1 Rh8 33. Bg5 Rae8 34. Nc7 e5 35. Nxe8 Rxe8 36. f4 e4 37. dxe4 Bc3 38. Rd1 Bxb4 39. e5 Nc5 40. Rf1 Bxa5 41. f5 gxf5 42. Rxf5+ Kg8 43. Bf4 Ne4 44. Rxh5 Bd8 45. Rh6 a5 46. Rb2 Re7 47. Rg6+ Kh7 48. h5 Rf7 49. e6 Re7 50. Be5 a4 51. Rb1 b5 52. Rf1 a3 53. Rf8 1-0


[Site "https://www.chess.com"]

[Event "Titled Tuesday Blitz March 08 Early 2022"]
[White "Matlakov, Maxim"]
[Black "Horobetz, Graham"]
[WhiteFideId "4168003"]
[BlackFideId "2047322"]
[WhiteElo "2669"]
[BlackElo "2643"]
[Result "1-0"]
[Round "03"]
[TimeControl "180+1"]
[Date "2022.03.08"]
[WhiteClock "0:01:18"]
[BlackClock "0:00:21"]

1. e4 c5 2. Nf3 d6 3. d4 cxd4 4. Nxd4 Nf6 5. Nc3 a6 6. a4 e5 7. Nf3 Be7 8. Bg5 Be6 9. Bxf6 Bxf6 10. Nd5 Nd7 11. Bc4 Be7 12. O-O O-O 13. Qe2 Nf6 14. Nxf6+ gxf6 15. Bxe6 fxe6 16. a5 Kh8 17. c3 Qd7 18. Rfd1 Qc6 19. Nh4 f5 20. Qh5 Rg8 21. g3 Rg5 22. Qh6 Rg7 23. exf5 Rf8 24. Ng6+ Rxg6 25. fxg6 1-0


[Site "https://www.chess.com"]

[Event "Titled Tuesday Blitz March 08 Early 2022"]
[White "Mayaud, Raphael"]
[Black "Estevez Polanco, Leonardo Rafael"]
[WhiteFideId "627151"]
[BlackFideId "6402798"]
[WhiteElo "2191"]
[BlackElo "2088"]
[Result "1-0"]
[Round "03"]
[TimeControl "180+1"]
[Date "2022.03.09"]
[WhiteClock "0:00:09"]
[BlackClock "0:00:07"]

1. d4 Nf6 2. Bg5 c5 3. d5 Qb6 4. Nc3 Qxb2 5. Bd2 Qb6 6. e4 d6 7. f4 Bg4 8. Be2 Bxe2 9. Qxe2 a6 10. Nf3 g6 11. e5 dxe5 12. fxe5 Nfd7 13. O-O Bg7 14. e6 fxe6 15. Ng5 e5 16. Rab1 Qa7 17. Ne6 Bf6 18. Nc7+ Kd8 19. Nxa8 Qxa8 20. Ne4 b5 21. d6 Qd5 22. dxe7+ Bxe7 23. Bg5 Nc6 24. c3 Re8 25. Rbd1 Qg8 26. Nxc5 Bxg5 27. Rxd7+ Kc8 28. Rff7 Be7 29. Rdxe7 Rxe7 30. Rf6 Nb8 31. Qe4 Qd8 32. h3 Qd1+ 33. Kh2 Qd8 34. Qf3 Qc7 35. Rf8+ 1-0


[Site "https://www.chess.com"]

[Event "Titled Tuesday Blitz March 08 Early 2022"]
[White "Michelle Catherina, P"]
[Black "Pacuszka, Tomasz"]
[WhiteFideId "5005736"]
[BlackFideId "1119036"]
[WhiteElo "2049"]
[BlackElo "2083"]
[Result "1-0"]
[Round "03"]
[TimeControl "180+1"]
[Date "2022.03.09"]
[WhiteClock "0:01:22"]
[BlackClock "0:01:44"]

1. d4 d5 2. Nc3 Nf6 3. Bf4 c5 4. e3 a6 5. h3 Nc6 6. Nf3 Bf5 7. dxc5 e6 8. Na4 Be7 9. c3 O-O 10. Be2 Ne4 11. b4 g5 12. Bh2 Bf6 13. Rc1 Bg6 14. O-O h5 15. Nd4 Nxd4 16. cxd4 g4 17. hxg4 hxg4 18. Bxg4 Kg7 19. Nb6 Rh8 20. Nxa8 Qxa8 21. f3 Ng5 22. Bg3 1-0


[Site "https://www.chess.com"]

[Event "Titled Tuesday Blitz March 08 Early 2022"]
[White "Mikhailov, Viacheslav"]
[Black "Dubov, Daniil"]
[WhiteFideId "4187369"]
[BlackFideId "24126055"]
[WhiteElo "2381"]
[BlackElo "2791"]
[Result "0-1"]
[Round "03"]
[TimeControl "180+1"]
[Date "2022.03.08"]
[WhiteClock "0:00:02"]
[BlackClock "0:00:08"]

1. Nf3 Nf6 2. g3 c5 3. Bg2 d5 4. O-O g6 5. d4 cxd4 6. Nxd4 Bg7 7. c4 O-O 8. cxd5 Nxd5 9. Nc3 Nxc3 10. bxc3 Qc7 11. Nb5 Qa5 12. Rb1 Rd8 13. Qb3 Nc6 14. Bf4 Be6 15. Qa3 Qxa3 16. Nxa3 Rd7 17. Nb5 Bxa2 18. Rbd1 Rad8 19. Rxd7 Rxd7 20. Ra1 Bc4 21. Nxa7 Bxc3 22. Bxc6 bxc6 23. Rc1 Rxa7 24. Rxc3 Bxe2 25. Rxc6 Bf3 26. Rc3 Ra1+ 27. Rc1 Ra8 28. Rc3 Bd5 29. h4 f6 30. Be3 Kf7 31. Rc5 Ke6 32. Rc1 Rb8 33. Re1 Kf5 34. Kh2 e5 35. Kh3 Bf3 36. Rc1 Rb4 37. Rc7 Rb1 38. Rc1 Rb7 39. Kh2 g5 40. hxg5 fxg5 41. Rc5 Rd7 42. Rc3 Rd6 43. Bxg5 Kg4 44. Re3 e4 0-1


[Site "https://www.chess.com"]

[Event "Titled Tuesday Blitz March 08 Early 2022"]
[White "Mirzanurov, Bulat"]
[Black "Petrovic, Aleksa"]
[WhiteFideId "4184521"]
[BlackFideId "967629"]
[WhiteElo "2116"]
[BlackElo "2245"]
[Result "1/2-1/2"]
[Round "03"]
[TimeControl "180+1"]
[Date "2022.03.09"]
[WhiteClock "0:00:04"]
[BlackClock "0:00:08"]

1. e4 c5 2. Nf3 e6 3. d4 cxd4 4. Nxd4 Nf6 5. Nc3 d6 6. g4 e5 7. Nf5 g6 8. Ne3 Bh6 9. Rg1 Bg5 10. Ned5 Nxd5 11. Nxd5 Bxc1 12. Qxc1 Be6 13. Qd2 Bxd5 14. Qxd5 Ke7 15. Bc4 Rf8 16. Qxb7+ Nd7 17. Qd5 Rc8 18. Bb3 Rc5 19. Qd3 Qa5+ 20. c3 Rb8 21. Rd1 Qc7 22. Rg3 g5 23. Rf3 Nf6 24. Rf5 Rg8 25. Qf3 Rg6 26. h4 Qb7 27. hxg5 Qxe4+ 28. Qxe4 Nxe4 29. Rxf7+ Ke8 30. f3 Nxg5 31. Rxa7 Nxf3+ 32. Ke2 Ng5 33. Ba4+ Kf8 34. Rf1+ Kg8 35. Bb3+ d5 36. Rd7 Ne6 37. Bxd5 Rxd5 38. Rxd5 Nf4+ 39. Rxf4 exf4 40. Kf3 Rb6 41. b4 Ra6 42. Rd2 Ra3 43. Rc2 Kf7 44. Kxf4 Ke6 45. c4 Ra4 46. b5 Kd6 47. Ke4 Kc5 48. Kd3 Ra3+ 49. Rc3 Rxa2 50. Rc1 Rg2 51. Rf1 Rg3+ 52. Ke4 Rxg4+ 53. Kf5 Rxc4 54. Rh1 Kxb5 55. Rxh7 Rc5+ 56. Ke6 Rc6+ 57. Kd5 Rc5+ 58. Kd4 Rc4+ 59. Kd3 Rc5 60. Rb7+ Kc6 61. Rb3 Rd5+ 62. Ke4 Rc5 63. Rd3 Rc4+ 64. Ke5 Rc5+ 65. Ke6 Kb6 66. Rb3+ Rb5 67. Ra3 Ra5 68. Rh3 Rb5 69. Kd6 Ka5 70. Ra3+ Kb4 71. Ra1 Rb6+ 72. Kd5 Rb5+ 73. Kd4 Rh5 74. Rb1+ Ka4 75. Kc4 Rh4+ 76. Kd3 Rh3+ 77. Kd4 Rh4+ 78. Kd5 Rh5+ 79. Kd6 Rh6+ 80. Kd5 Rh5+ 81. Kd6 Ka3 82. Rf1 Ka2 83. Rf2+ Kb1 84. Rf1+ Kc2 85. Rf2+ Kd1 86. Ra2 Kc1 87. Ra1+ Kb2 88. Rg1 Kc3 89. Rg3+ Kd4 90. Ke6 Rh6+ 91. Kf5 Rb6 92. Kg5 Ke4 93. Kg4 Rg6+ 94. Kh3 Rh6+ 95. Kg2 Kf4 96. Rf3+ Kg4 97. Rg3+ Kf4 98. Rf3+ Ke4 99. Rg3 Rb6 100. Rg4+ Ke3 101. Rg3+ Ke2 102. Kh3 Kf2 103. Rg2+ Kf3 104. Kh2 Rh6+ 105. Kg1 1/2-1/2


[Site "https://www.chess.com"]

[Event "Titled Tuesday Blitz March 08 Early 2022"]
[White "Mohammad Fahad, Rahman"]
[Black "Oparin, Grigoriy"]
[WhiteFideId "10207791"]
[BlackFideId "24125890"]
[WhiteElo "2323"]
[BlackElo "2665"]
[Result "0-1"]
[Round "03"]
[TimeControl "180+1"]
[Date "2022.03.08"]
[WhiteClock "0:02:08"]
[BlackClock "0:02:24"]

1. Nf3 c5 2. b3 Nc6 3. Bb2 d5 4. e3 a6 5. c4 d4 6. Be2 e5 7. exd4 exd4 8. d3 Bd6 9. O-O Nge7 10. Na3 O-O 11. Nc2 Bf5 12. a3 h6 13. b4 b6 14. h3 Bh7 15. Re1 Ng6 16. Nh2 Nf4 17. Bf3 Qc7 18. Be4 Nxh3+ 19. gxh3 Bxh2+ 20. Kg2 Bxe4+ 21. Rxe4 Bd6 22. bxc5 bxc5 23. a4 Ne7 24. Ba3 Ng6 25. Qg4 Kh7 26. Ree1 f5 27. Qd1 Nh4+ 28. Kf1 Qc6 29. Qh5 Rae8 30. Rxe8 Rxe8 31. f3 Bg3 32. Bxc5 g6 33. Nxd4 Qxc5 34. Qxh4 Bxh4 0-1


[Site "https://www.chess.com"]

[Event "Titled Tuesday Blitz March 08 Early 2022"]
[White "Mohammed, Dilshad"]
[Black "Kadam, Om Manish"]
[WhiteFideId "5050421"]
[BlackFideId "45076294"]
[WhiteElo "2109"]
[BlackElo "1729"]
[Result "0-1"]
[Round "03"]
[TimeControl "180+1"]
[Date "2022.03.09"]
[WhiteClock "0:00:41"]
[BlackClock "0:01:24"]

1. Nf3 Nf6 2. c4 g6 3. Nc3 Bg7 4. e4 d6 5. d4 O-O 6. Be2 e5 7. O-O Nc6 8. d5 Ne7 9. b4 Ne8 10. c5 f5 11. Nd2 f4 12. Bg4 Nf6 13. Bxc8 Qxc8 14. Ba3 Qd7 15. b5 b6 16. cxd6 cxd6 17. Rc1 g5 18. Nc4 Nc8 19. Qb3 Rf7 20. Bxd6 Nxd6 21. Nxe5 Qe7 22. Nxf7 Nxf7 23. Rfe1 Ng4 24. e5 Ngxe5 25. Ne4 Nd6 26. Rc6 Nxc6 27. dxc6+ Kh8 28. f3 Re8 29. Re2 Nxe4 30. Rxe4 Qc5+ 31. Kf1 Rxe4 32. fxe4 Be5 33. Qe6 Qc1+ 34. Ke2 Qc2+ 35. Kf3 Qd1+ 0-1


[Site "https://www.chess.com"]

[Event "Titled Tuesday Blitz March 08 Early 2022"]
[White "Molina, Roberto Junio Brito"]
[Black "Aldokhin, Ivan"]
[WhiteFideId "2109450"]
[BlackFideId "24115720"]
[WhiteElo "2432"]
[BlackElo "2231"]
[Result "1-0"]
[Round "03"]
[TimeControl "180+1"]
[Date "2022.03.08"]
[WhiteClock "0:00:18"]
[BlackClock "0:00:07"]

1. d4 Nf6 2. c4 g6 3. Nc3 Bg7 4. e4 d6 5. Nf3 O-O 6. Be2 Nc6 7. d5 Nb4 8. O-O Re8 9. a3 Na6 10. Nd4 e6 11. f3 exd5 12. cxd5 Nh5 13. Be3 Qh4 14. Rf2 Bd7 15. b4 f5 16. Bxa6 bxa6 17. Raa2 fxe4 18. Nxe4 Rxe4 19. fxe4 Qxe4 20. Rae2 Bg4 21. Ne6 Be5 22. Qc2 Qxd5 23. Nxc7 Bxh2+ 24. Kxh2 Qe5+ 25. Kg1 Rc8 26. Qc4+ d5 27. Qxg4 Rxc7 28. Bh6 Qa1+ 29. Rf1 1-0


[Site "https://www.chess.com"]

[Event "Titled Tuesday Blitz March 08 Early 2022"]
[White "Morefield, Jason"]
[Black "Bintang, Rasyid A. Hidayat"]
[WhiteFideId "30920825"]
[BlackFideId "7105355"]
[WhiteElo "2171"]
[BlackElo "2376"]
[Result "1-0"]
[Round "03"]
[TimeControl "180+1"]
[Date "2022.03.09"]
[WhiteClock "0:00:10"]
[BlackClock "0:00:10"]

1. d4 d5 2. c4 Nc6 3. Nc3 Nf6 4. Nf3 Bf5 5. Bg5 Ne4 6. cxd5 Nxc3 7. bxc3 Qxd5 8. e3 Be4 9. Qb3 Bxf3 10. gxf3 Qa5 11. d5 Nd8 12. Bd3 e6 13. Bxd8 Rxd8 14. Bb5+ Ke7 15. dxe6 fxe6 16. f4 g6 17. O-O Bg7 18. Rac1 Rd6 19. Be2 Qb6 20. Qc4 Qc6 21. Qb4 Qb6 22. Qe4 Qc6 23. Bf3 Qxe4 24. Bxe4 b6 25. c4 c5 26. Rc2 Rhd8 27. Kg2 Rd1 28. Rxd1 Rxd1 29. Kf3 Rb1 30. h4 Rb2 31. Rxb2 Bxb2 32. h5 Kf6 33. hxg6 hxg6 34. Kg4 e5 35. fxe5+ Bxe5 36. f4 Bc3 37. Bd3 Bd2 38. e4 Ke6 39. e5 Kf7 40. Be4 a6 41. a4 Ba5 42. Bb7 b5 43. axb5 axb5 44. cxb5 Bb6 45. Bd5+ Kg7 46. Bc4 Bd8 47. Kf3 Kf8 48. Ke4 Ke7 49. Kd5 Bb6 50. Kc6 1-0


[Site "https://www.chess.com"]

[Event "Titled Tuesday Blitz March 08 Early 2022"]
[White "Moroni, Luca Jr"]
[Black "Dronavalli, Harika"]
[WhiteFideId "865834"]
[BlackFideId "5015197"]
[WhiteElo "2573"]
[BlackElo "2382"]
[Result "1-0"]
[Round "03"]
[TimeControl "180+1"]
[Date "2022.03.08"]
[WhiteClock "0:00:12"]
[BlackClock "0:00:17"]

1. d4 Nf6 2. Bf4 d6 3. Nc3 Nbd7 4. Nf3 c5 5. d5 g6 6. e4 Bg7 7. Qd2 a6 8. a4 Ng4 9. Be2 O-O 10. O-O Rb8 11. Bg5 h6 12. Bh4 Ngf6 13. h3 b5 14. axb5 axb5 15. Bxb5 g5 16. Bg3 Nxe4 17. Nxe4 Rxb5 18. c3 Qb6 19. Ra2 Nf6 20. Nxf6+ exf6 21. h4 Bf5 22. Re1 Rb8 23. Re2 Bg4 24. Qd3 Bf8 25. hxg5 fxg5 26. Qe4 Bh5 27. Qf5 Qb7 28. Qe4 Qd7 29. Kh2 R5b7 30. Ra6 Bg6 31. Qc4 Rb6 32. Rxb6 Rxb6 33. b4 cxb4 34. cxb4 Rb8 35. Rb2 Rc8 36. Qe2 Bh5 37. b5 Bg7 38. Rb3 Re8 39. Qd3 Bg6 40. Qd2 Qg4 41. b6 h5 42. b7 h4 43. Bxd6 h3 44. gxh3 Qxf3 45. Rxf3 1-0


[Site "https://www.chess.com"]

[Event "Titled Tuesday Blitz March 08 Early 2022"]
[White "Moskvin, Anatoly"]
[Black "Madmaxfury1995"]
[WhiteFideId "24199990"]
[WhiteElo "2079"]
[BlackElo "2582"]
[Result "0-1"]
[Round "03"]
[TimeControl "180+1"]
[Date "2022.03.09"]
[WhiteClock "0:00:01"]
[BlackClock "0:00:23"]

1. e4 d5 2. exd5 Qxd5 3. Nf3 Bg4 4. Be2 Nc6 5. c4 Qd7 6. d4 Bxf3 7. Bxf3 Nxd4 8. Bxb7 Rb8 9. Be4 Nf6 10. Bd3 e6 11. O-O Be7 12. Be3 c5 13. b3 O-O 14. Nc3 Rfd8 15. Ne4 Qc6 16. Qb1 h6 17. Rd1 Ng4 18. h3 Nxe3 19. fxe3 Nf5 20. Re1 Qc7 21. Qd1 Qe5 22. Qe2 Rd7 23. Bc2 Rbd8 24. Rad1 Bh4 25. Rxd7 Rxd7 26. Rb1 Bd8 27. Qf3 Bc7 28. Kf2 Ne7 29. Rd1 Rxd1 30. Qxd1 f5 31. Nd2 Qg3+ 32. Kf1 Qxe3 33. Qf3 Qxd2 0-1


[Site "https://www.chess.com"]

[Event "Titled Tuesday Blitz March 08 Early 2022"]
[White "Nasuta, Grzegorz"]
[Black "Omariev, Maksim"]
[WhiteFideId "1141686"]
[BlackFideId "4193423"]
[WhiteElo "2396"]
[BlackElo "2424"]
[Result "1-0"]
[Round "03"]
[TimeControl "180+1"]
[Date "2022.03.09"]
[WhiteClock "0:00:25"]
[BlackClock "0:00:02"]

1. e4 c5 2. Nc3 d6 3. d4 cxd4 4. Qxd4 a6 5. b3 Nc6 6. Qd2 Nf6 7. Bb2 e6 8. O-O-O Be7 9. f3 b5 10. Kb1 Bb7 11. g4 O-O 12. Nge2 Nd7 13. Ng3 Nc5 14. Nh5 Re8 15. h4 Bf8 16. g5 b4 17. Ne2 a5 18. Rg1 Kh8 19. Nf6 e5 20. Nxe8 Qxe8 21. h5 a4 22. Nc1 axb3 23. cxb3 Ba6 24. Bxa6 Rxa6 25. Qd5 Qe7 26. Qc4 Qa7 27. g6 fxg6 28. hxg6 h6 29. Rh1 Ra5 30. f4 Qe7 31. Rdf1 1-0


[Site "https://www.chess.com"]

[Event "Titled Tuesday Blitz March 08 Early 2022"]
[White "Nguyen, Thi Minh Oanh"]
[Black "Poormosavi, Seyed Kian"]
[WhiteFideId "12404080"]
[BlackFideId "12585807"]
[WhiteElo "1825"]
[BlackElo "2129"]
[Result "0-1"]
[Round "03"]
[TimeControl "180+1"]
[Date "2022.03.09"]
[WhiteClock "0:00:13"]
[BlackClock "0:00:15"]

1. d4 Nf6 2. Bf4 e6 3. e3 b6 4. Nf3 Bb7 5. Be2 Be7 6. h3 O-O 7. O-O c5 8. a4 cxd4 9. exd4 d6 10. c3 a6 11. c4 Nc6 12. Nc3 Nb4 13. a5 bxa5 14. Qa4 Rb8 15. Qxa5 Nc2 16. Qxd8 Rfxd8 17. Rad1 Bxf3 18. Bxf3 Rxb2 19. Rd2 Rdb8 20. c5 Ne8 21. c6 g5 22. Bg3 Ne1 23. Rxb2 Nxf3+ 24. gxf3 Rxb2 25. d5 e5 26. Ra1 Nc7 27. Na4 Rb5 28. Nc3 Rc5 29. Ne4 Rxd5 30. Rb1 Rb5 31. Rc1 f5 32. Nd2 f4 33. Bh2 d5 34. Kg2 Rc5 35. Re1 Bf6 36. Rb1 Rxc6 37. Rb7 Kf7 38. Nb3 Kg6 39. Na5 Rc2 40. Rb6 Kf5 41. Nb7 Be7 42. Bg1 h5 43. Bh2 e4 44. fxe4+ dxe4 45. h4 Nd5 46. Rb1 e3 47. hxg5 Rxf2+ 48. Kh1 Kxg5 49. Na5 e2 50. Rg1+ Kf5 51. Nb3 Rf1 52. Nd4+ Ke4 53. Nxe2 Rxg1+ 54. Kxg1 a5 55. Nc1 a4 56. Kf1 Bc5 57. Na2 Kf3 58. Nc1 Be3 59. Nd3 a3 60. Ne5+ Ke4 0-1


[Site "https://www.chess.com"]

[Event "Titled Tuesday Blitz March 08 Early 2022"]
[White "Nguyen, Thien Ngan"]
[Black "Mkrtchyan, Mariam"]
[WhiteFideId "12414816"]
[BlackFideId "13310828"]
[WhiteElo "1917"]
[BlackElo "1984"]
[Result "1/2-1/2"]
[Round "03"]
[TimeControl "180+1"]
[Date "2022.03.09"]
[WhiteClock "0:00:09"]
[BlackClock "0:00:10"]

1. e4 c6 2. Nc3 d5 3. d4 dxe4 4. Nxe4 Nf6 5. Nxf6+ exf6 6. Nf3 Bd6 7. Be3 O-O 8. Qd2 Re8 9. O-O-O Nd7 10. Kb1 a5 11. Bd3 a4 12. h4 Nf8 13. h5 h6 14. Nh4 b5 15. g4 b4 16. Rdg1 b3 17. Bxh6 bxa2+ 18. Ka1 a3 19. b3 gxh6 20. Nf5 Ne6 21. Nxh6+ Kf8 22. Nf5 Bf4 23. Qb4+ c5 24. dxc5 Rb8 25. Qc4 Be5+ 26. Kxa2 Nd4 27. h6 Bxf5 28. gxf5 Ke7 29. h7 Rh8 30. Rg7 Qf8 31. Rhg1 Nc6 32. Rg8 Qh6 33. R1g7 Rf8 34. f4 Rxh7 35. Rxh7 Qxh7 36. Rxf8 Kxf8 37. fxe5 Nxe5 38. Qd5 Qh2 39. c6 Qd2 40. c7 Qc3 41. c8=Q+ Qxc8 42. Qd6+ Kg7 43. Qd4 Nxd3 44. Qxd3 Qc5 45. Qg3+ Kf8 46. Qd3 Kg7 47. Qe4 Kf8 48. Qa8+ Kg7 49. Qg2+ Kh6 50. Qe4 Kg5 51. Qd3 Qxf5 52. Qd2+ Qf4 53. Qd5+ Qf5 54. Qg2+ Kh6 55. Qh2+ Qh5 56. Qf4+ Qg5 57. Qh2+ Kg6 58. Kxa3 f5 59. b4 f6 60. b5 f4 61. Qf2 Qxb5 62. Qxf4 Qa5+ 63. Kb2 Qb6+ 64. Kc1 Qc5 65. Kd2 Kf7 66. Qg4 Qd5+ 67. Kc1 Qe5 68. Qd7+ Kg6 69. Qd3+ Kg5 70. Qd2+ Kf5 71. Qf2+ Ke6 72. Qb6+ Kf5 73. Qf2+ Qf4+ 74. Qxf4+ Kxf4 75. Kd2 Ke4 76. Ke2 Kd4 77. Kf3 Kc3 78. Kf4 Kxc2 79. Kf5 Kd3 80. Kxf6 1/2-1/2


[Site "https://www.chess.com"]

[Event "Titled Tuesday Blitz March 08 Early 2022"]
[White "Nozdrachev, Leonid"]
[Black "Marcinczyk, Monika"]
[WhiteFideId "24113433"]
[BlackFideId "1192051"]
[WhiteElo "2118"]
[BlackElo "1783"]
[Result "1-0"]
[Round "03"]
[TimeControl "180+1"]
[Date "2022.03.09"]
[WhiteClock "0:00:03"]
[BlackClock "0:00:03"]

1. e4 e5 2. Nf3 Nc6 3. Bc4 Bc5 4. c3 Nf6 5. d4 exd4 6. e5 d5 7. Bb5 Ne4 8. cxd4 Bb4+ 9. Bd2 Nxd2 10. Nbxd2 O-O 11. O-O Bd7 12. Bd3 f6 13. a3 Ba5 14. Nb3 Bb6 15. Qc2 f5 16. Rae1 Qe7 17. Nc5 Nxd4 18. Nxd4 Bxc5 19. Nxf5 Bxf5 20. Bxf5 g6 21. Be6+ Qxe6 22. Qxc5 c6 23. b4 Rf5 24. f4 Raf8 25. Qxa7 R8f7 26. Qb8+ Kg7 27. a4 Qe7 28. e6 Rf8 29. Qa7 Rxf4 30. Rxf4 Rxf4 31. b5 Kf6 32. Qb8 Re4 33. Rxe4 dxe4 34. Qf4+ Kxe6 35. Qxe4+ Kd7 36. bxc6+ bxc6 37. Qd4+ Kc7 38. Qa7+ Kd6 39. Qd4+ Kc7 40. Kf2 Qf7+ 41. Ke3 Qe6+ 42. Qe4 Qxe4+ 43. Kxe4 Kb6 44. Kd4 Ka5 45. Kc5 Kxa4 46. Kxc6 Kb4 47. Kd5 Kc3 48. Ke6 Kd4 49. Kf6 Ke3 50. Kg7 Kf2 51. g4 Kf3 52. g5 Kg4 53. Kh6 Kh4 54. h3 Kxh3 55. Kxh7 Kh4 56. Kxg6 Kg4 57. Kf6 1-0


[Site "https://www.chess.com"]

[Event "Titled Tuesday Blitz March 08 Early 2022"]
[White "Papasimakopoulos, Alexandros"]
[Black "Nguyen Hong Nhung"]
[WhiteFideId "4244125"]
[BlackFideId "12412201"]
[WhiteElo "2340"]
[BlackElo "1661"]
[Result "0-1"]
[Round "03"]
[TimeControl "180+1"]
[Date "2022.03.09"]
[WhiteClock "0:00:04"]
[BlackClock "0:00:10"]

1. c4 f5 2. d4 Nf6 3. h3 g6 4. g4 fxg4 5. hxg4 Nxg4 6. e4 d6 7. Bh3 Nf6 8. Nc3 Nc6 9. Be3 Bxh3 10. Nxh3 Qd7 11. Ng5 h6 12. d5 Nd8 13. f4 Bg7 14. Nf3 Nf7 15. Qd2 Qg4 16. Qf2 O-O-O 17. O-O-O a6 18. Rdg1 Qd7 19. e5 Ng4 20. Qe2 dxe5 21. fxe5 Nfxe5 22. Nxe5 Nxe5 23. Bd4 Qf5 24. Rf1 Qg5+ 25. Kc2 Rhf8 26. Ne4 Qg4 27. Qxg4+ Nxg4 28. Rxf8 Bxf8 29. Nc5 e5 30. Bg1 Bxc5 31. Bxc5 h5 32. Rf1 b6 33. Bg1 Rh8 34. Rf7 h4 35. Rg7 h3 36. Rxg6 h2 37. Bxh2 Rxh2+ 38. Kd3 Nf2+ 39. Ke3 Nd1+ 40. Ke4 Nxb2 41. c5 bxc5 42. Rxa6 Re2+ 43. Kf3 Re1 44. Rc6 Kd7 45. Rxc5 e4+ 46. Kg2 Nd3 47. Rc3 Re2+ 48. Kg3 Rxa2 49. Rc4 Re2 50. Rc6 Ne5 51. Re6 Nc4 52. Kf4 e3 53. Rh6 Rf2+ 54. Kg3 Rd2 55. Rh7+ Kd6 56. Kf3 Rxd5 57. Rh4 Kc5 58. Rh7 c6 59. Ra7 Re5 60. Ke2 Kd4 61. Rd7+ Rd5 62. Rc7 c5 63. Rh7 Kc3 64. Rh1 Rd2+ 65. Ke1 Rc2 66. Rh5 Nb2 67. Re5 Nd3+ 68. Kd1 Nxe5 69. Ke1 Nf3+ 70. Kf1 Rf2# 0-1


[Site "https://www.chess.com"]